 Dungeon Crawl Stone Soup version 0.26-a0-20-g5f92b90fa0 (webtiles) character file.

Game seed: 7460382606958713063, levelgen mode: deterministic

23 vurker the Chiller (level 2, -2/12 HPs)
             Began as a Felid Ice Elementalist on May 25, 2020.
             Slain by a worm (3 damage)
             ... on level 2 of the Dungeon.
             The game lasted 00:02:03 (1308 turns).

vurker the Chiller (Felid Ice Elementalist)         Turns: 1308, Time: 00:02:04

Health: -2/12      AC:  1    Str:  4    XL:     2   Next: 75%
Magic:  0/6        EV: 18    Int: 16    God:
Gold:   19         SH:  0    Dex: 16    Spells: 5/6 levels left
                                        Lives:  0   Deaths: 0

rFire    . . .     SeeInvis +   (weapon unavailable)
rCold    . . .     Gourm    .   (shield unavailable)
rNeg     . . .     Faith    .   (armour unavailable)
rPois    .         Spirit   .   (helmet unavailable)
rElec    .         Reflect  .   (cloak unavailable)
rCorr    .         Harm     .   (gloves unavailable)
MR       .....                  (boots unavailable)
Stlth    +++.......             (no amulet)
HPRegen  0.04/turn              (no ring)
MPRegen  0.10/turn              (no ring)

@: very slightly contaminated, quick
A: very small, no armour, no weapons or thrown items, stealth, claws 1, fangs 3,
see invisible, carnivore, speed 1, shaggy fur 1, slow metabolism 1, sharp paws
a: no special abilities


You were on level 2 of the Dungeon.
You were completely stuffed.

You visited 1 branch of the dungeon, and saw 2 of its levels.

You collected 19 gold pieces.

Inventory:

Wands
 i - a wand of clouds (6)
   (You found it on level 2 of the Dungeon)
Scrolls
 a - a scroll of remove curse {unknown}
 b - a scroll of random uselessness {unknown}
 c - a scroll of identify {unknown}
 g - a scroll of enchant armour {unknown}
 h - a scroll of teleportation {unknown}
Potions
 f - a potion of heal wounds {unknown}
Comestibles
 e - a ration


   Skills:
 + Level 0.9 Fighting
 - Level 2.6 Dodging
 - Level 2.6 Stealth
 * Level 2.5 Spellcasting
 * Level 3.9 Ice Magic


You had 5 spell levels left.
You knew the following spells:

 Your Spells              Type           Power        Failure   Level  Hunger
a - Freeze                Ice            ##..         3%          1    #......

Your spell library contained the following spells:

 Spells                   Type           Power        Failure   Level  Hunger
 Frozen Ramparts          Ice            ##....       12%         3    ###....
 Ozocubu's Armour         Chrm/Ice       #.......     26%         3    ###....
 Hailstorm                Conj/Ice       #.......     65%         4    #####..
 Summon Ice Beast         Ice/Summ       #.......     65%         4    #####..


Dungeon Overview and Level Annotations

Branches:
Dungeon (2/15)

Altars:
Makhleb


Innate Abilities, Weirdness & Mutations

You cannot wear armour.
You are incapable of wielding weapons or throwing items.
Your paws allow you to move quietly. (Stealth)
You have sharp claws.
You have razor-sharp teeth.
You have supernaturally acute eyesight. (SInv)
You are carnivorous and can eat meat at any time.
You cover ground quickly.
You are covered in fur. (AC +1)
You have a slow metabolism.
Your sharp claws are effective at attacking unaware monsters.


Message History

Things that are here:
a +0 dagger; a kobold corpse
Found 10 gold pieces.
A hobgoblin comes into view. It is wielding a +0 club.
The hobgoblin shouts!
A hobgoblin is nearby!
A kobold comes into view.
Aim: a hobgoblin, wielding a +0 club You freeze the hobgoblin.
The kobold shouts!
The hobgoblin misses you.
Aim: a hobgoblin, wielding a +0 club (lightly wounded)
You freeze the hobgoblin. The hobgoblin closely misses you.
Aim: a hobgoblin, wielding a +0 club (almost dead)
You freeze the hobgoblin.
You kill the hobgoblin!
The kobold throws a stone.
The stone barely misses you.
Found a scroll labeled TUVOIPRE XORE.
You scratch the kobold but do no damage.
The kobold barely misses you.
Aim: a kobold You freeze the kobold.
The kobold barely misses you.
Aim: a kobold (severely wounded)
You freeze the kobold.
You kill the kobold!
A worm comes into view.
Aim: a worm (wandering, hasn't noticed you)
You freeze the worm. The worm bites you!
Ouch! That really hurt!
* * * LOW HITPOINT WARNING * * *
There is a stone staircase leading up here.
Unknown command.
The worm is too close now for your liking.
Aim: a worm You freeze the worm.
The worm closely misses you.
Aim: a worm (lightly wounded)
You freeze the worm.
Aim: a worm (moderately wounded)
You freeze the worm. The worm closely misses you.
Aim: a worm (moderately wounded)
You freeze the worm.
Aim: a worm (heavily wounded)
You freeze the worm. The worm bites you.
Ouch! That really hurt!
* * * LOW HITPOINT WARNING * * *
Aim: a worm (severely wounded)
You miscast Freeze.
You are very lightly contaminated with residual magic.
Nothing appears to happen.
The worm bites you.
You die...

#######
#.....#
#.....#
#.....#
#@....#
#.w...#
###.#####
#.....#
##.###.#
#..# #.#
#.## #.##
##.# #..#
#..# ##.#


You could see a worm.

Vanquished Creatures
  2 bats (D:1)
  A giant cockroach (D:1)
  2 hobgoblins
  3 jackals (D:1)
  2 frilled lizards (D:1)
  4 goblins (D:1)
  4 kobolds
  3 rats (D:1)
21 creatures vanquished.

Notes
Turn   | Place    | Note
-------+----------+-------------------------------------------
     0 | D:1      | vurker the Felid Ice Elementalist began the quest for the
                  | Orb.
     0 | D:1      | Reached XP level 1. HP: 7/7 MP: 4/4
   439 | D:1      | Reached XP level 2. HP: 12/12 MP: 6/6
  1033 | D:2      | Found a burning altar of Makhleb.
  1308 | D:2      | Slain by a worm

Illustrated notes

Levels and vault maps discovered:
D:1:      dpeg_arrival_rhombus, layout_rooms
D:2:      layout_rooms, dancing_weapons_uskayaw, lemuel_round_altar,
          grunt_gozag_statues, elyvilon_altar_3

Action                   || total
-------------------------++-------
Melee: Unarmed           ||    17
 Cast: Freeze            ||    33
 Stab: Sleeping          ||     4
  Eat: Chunk             ||     8
Dodge: Dodged            ||    36

Table legend:
 A = Non-vault XP
 B = Vault XP
 C = Vault XP percentage of total XP
 D = Non-vault monster count
 E = Vault monster count
 F = Vault count percentage of total count
                 A         B        C        D         E       F
            +---------+---------+-------+---------+---------+-------
      Total |      34 |       0 |   0.0 |      21 |       0 |   0.0
            +---------+---------+-------+---------+---------+-------
        D:1 |      28 |       0 |   0.0 |      18 |       0 |   0.0
        D:2 |       6 |       0 |   0.0 |       3 |       0 |   0.0
            +---------+---------+-------+---------+---------+-------
